AoeStats
← Riptide320

Arabian Desert

510400784Analyzed
1v1 RM · 20h ago on Sep 30, 2026· 82m 16s· 2 players
Game mode
Random Map
Map size
Tiny (2 player)
Population
200
Speed
Normal
Resources
Standard
Victory
Conquest
Starting age
Dark Age
Ending age
Imperial Age
RankedLock teamsTeams togetherTeam positionsShared explorationLock speedFull tech treeHidden civsTurbo modeCheats
Victory
Defeat
🇫🇷 Persians · France
860
+16
🇺🇸 Koreans · United States
867
-16
bryan_34
7:42 Loom
10:05 Feudal Age
16:51 Double-Bit Axe
16:49 Horse Collar
17:03 Gold Mining
17:56 Wheelbarrow
23:03 Castle Age
21:52 Bloodlines
24:07 Bow Saw
24:01 Heavy Plow
23:44 Crossbowman
24:29 Thumb Ring
25:27 Husbandry
26:25 Gold Shaft Mining
35:27 Hand Cart
36:47 Ballistics
36:38 Fletching
36:49 Padded Archer Armor
36:55 Scale Barding Armor
36:51 Scale Mail Armor
38:31 Elite Skirmisher
41:56 Bodkin Arrow
42:17 Leather Archer Armor
44:56 Imperial Age
44:00 Heated Shot
44:21 Masonry
44:26 Kamandaran
46:24 Conscription
46:40 Ring Archer Armor
46:31 Chain Barding Armor
48:58 Architecture
49:30 Chemistry
52:40 Cavalier
55:24 Stone Mining
55:18 Light Cavalry
56:46 Hussar
57:46 Chain Mail Armor
58:06 Plate Barding Armor
59:55 Two-Man Saw
58:45 Town Watch
62:11 Forging
64:08 Iron Casting
72:04 Blast Furnace
75:46 Savar
Riptide320
5:36 Loom
10:20 Feudal Age
11:17 Man-at-Arms
14:25 Double-Bit Axe
16:57 Horse Collar
22:52 Castle Age
21:51 Scale Mail Armor
23:29 Pikeman
24:28 Chain Mail Armor
29:57 Heavy Plow
31:56 Gold Mining
35:21 Gold Shaft Mining
36:15 Wheelbarrow
38:47 Ballistics
38:37 Masonry
39:08 Town Watch
42:45 Imperial Age
42:24 Fletching
43:59 Eupseong
44:52 Bodkin Arrow
44:52 Elite Fire Lancer
45:34 Squires
45:20 Halberdier
46:00 Squires
47:53 Plate Mail Armor
47:55 Long Swordsman
48:53 Bow Saw
49:55 Chemistry
49:30 Architecture
49:14 Heavy Rocket Cart
52:54 Forging
54:31 Two-Handed Swordsman
56:33 Hand Cart
57:36 Champion
57:52 Elite Skirmisher
58:39 Bracer
59:14 Iron Casting
59:42 Thumb Ring
Connection lost

Rejoining the realm…

Still unreachable

The connection could not be restored.

Session expired

The server has moved on; the page needs a fresh start.